 Dungeon Crawl Stone Soup version 0.22-a0-538-g76cc104 (webtiles) character file.

2 iamserjio the Charmwright (level 1, -1/11 HPs)
             Began as a Vine Stalker Skald on June 23, 2018.
             Slain by a jackal (2 damage)
             ... on level 1 of the Dungeon.
             The game lasted 00:00:45 (73 turns).

iamserjio the Charmwright (Vine Stalker Skald)        Turns: 73, Time: 00:00:46

Health: -1/11      AC:  3    Str: 13    XL:     1   Next: 40%
Magic:  0/4        EV: 11    Int: 13    God:
Gold:   0          SH:  0    Dex: 13    Spells: 3/4 levels left

rFire    . . .     SeeInvis .   a - +0 spear
rCold    . . .     Gourm    .   (no shield)
rNeg     . . .     Faith    .   b - +0 leather armour
rPois    .         Spirit   +   (no helmet)
rElec    .         Reflect  .   (no cloak)
rCorr    .         Harm     .   (no gloves)
MR       .....                  (no boots)
Stlth    +.........             (no amulet)
HPRegen  0.03/turn              (no ring)
MPRegen  0.09/turn              (no ring)

@: infused (expiring), very slightly contaminated
A: fangs 2, magic shield, antimagic bite, no potion heal 3, rot immunity
a: no special abilities


You were on level 1 of the Dungeon.
You were not hungry.

You visited 1 branch of the dungeon, and saw 1 of its levels.

Inventory:

Hand Weapons
 a - a +0 spear (weapon)
Missiles
 c - 28 stones (quivered)
Armour
 b - a +0 leather armour (worn)
Scrolls
 e - a scroll of amnesia {unknown}
 f - a scroll of fog {unknown}
Comestibles
 d - a ration


   Skills:
 + Level 1.8 Fighting
 * Level 2.0 Polearms
 - Level 0.7 Armour
 - Level 1.5 Dodging
 - Level 2.1 Spellcasting
 - Level 3.0 Charms


You had 3 spell levels left.
You knew the following spells:

 Your Spells              Type           Power        Failure   Level  Hunger
a - Infusion              Chrm           #...         10%         1    ##.....

Your spell library contained the following spells:

 Spells                   Type           Power        Failure   Level  Hunger
 Regeneration             Chrm/Necr      #.........   45%         3    ####...
 Shroud of Golubria       Chrm/Tloc      #.........   26%         2    ###....
 Song of Slaying          Chrm           #.......     14%         2    ###....
 Spectral Weapon          Hex/Chrm       #.......     45%         3    ####...


Dungeon Overview and Level Annotations

Branches:
Dungeon (1/15)

Altars:


Innate Abilities, Weirdness & Mutations

You have extremely sharp teeth.
When hurt, damage is shared between your health and your magic reserves.
Your bite disrupts and absorbs the magic of your enemies.
Potions cannot restore your health.
You are immune to rotting.


Message History

You closely miss the jackal.
Your magical infusion is running out.
The jackal bites you. The jackal closely misses you. The jackal bites you.
The jackal barely misses you.
You completely miss the jackal. The jackal completely misses you.
The jackal closely misses you. x2
You miss the jackal. Your bite misses the jackal. The jackal bites you. x2
The jackal barely misses you. The jackal bites you. x2
You hit the jackal. You bite the jackal, but do no damage.
The jackal is severely wounded.
The jackal barely misses you.
The jackal bites you but does no damage.
The jackal bites you.
* * * LOW HITPOINT WARNING * * *
The jackal bites you.
* * * LOW HITPOINT WARNING * * *
You miss the jackal.
The jackal is severely wounded.
The jackal bites you.
You die...

##..♣ ♣♣♣♣♣..(≈≈≈♣
#..♣♣ ♣♣≈≈≈≈♣♣
##.♣♣♣ ♣♣♣≈≈≈♣♣♣
##..♣♣♣♣♣♣≈≈≈..♣♣♣
##..†..♣♣♣♣♣♣...♣♣♣
♣ ###.....♣♣
♣♣♣...♣♣ ♣.
##.....♣♣
♣♣♣♣.♣♣♣.♣
##.....♣♣ ♣♣...♣♣
##@h...♣ ♣♣♣♣..
#hh..♣♣ ♣♣♣
#.##.$.♣ #.# ##...
..# #. ... ... ....


You could see 3 jackals.

Vanquished Creatures
  A jackal (D:1)
  A frilled lizard (D:1)
  A rat (D:1)
3 creatures vanquished.

Notes
Turn   | Place    | Note
-------+----------+-------------------------------------------
     0 | D:1      | iamserjio the Vine Stalker Skald began the quest for the Orb.
     0 | D:1      | Reached XP level 1. HP: 11/11 MP: 4/4
    73 | D:1      | Slain by a jackal

Vault maps used:
D:1:      kilobyte_arrival_exit_the_forest, minmay_misc_feat_tiny

Skill      XL: |  1 |
---------------+----+-----
Polearms       | 2 |  2.0
Fighting       | |  1.8
Armour         | |  0.7
Dodging        | |  1.5
Spellcasting   | |  2.1
Charms         | |  3.0

Action                   || total
-------------------------++-------
Melee: Spear             ||    14
       Bite              ||     1
 Cast: Infusion          ||     1
Armor: Leather armour    ||     5
Dodge: Dodged            ||    16

Table legend:
 A = Spawn XP
 B = Non-spawn XP
 C = Spawn XP percentage of total XP
 D = Spawn monster count
 E = Non-spawn monster count
 F = Spawn count percentage of total count
 G = Total turns spent on level
                    A         B        C        D         E        F      G
               +---------+---------+-------+---------+---------+-------+---------
         Total |       0 |       4 |   0.0 |       0 |       3 |   0.0 |    73
               +---------+---------+-------+---------+---------+-------+---------
           D:1 |       0 |       4 |   0.0 |       0 |       3 |   0.0 |    73
               +---------+---------+-------+---------+---------+-------+---------
